 Dungeon Crawl Stone Soup version 0.30-a0-772-g5528072125 (webtiles) character file.

Game seed: 18124098762372866333

55 Leeroy the Slasher (level 3, 0/18 HPs)
             Began as a Vine Stalker Warper on Feb 12, 2023.
             Slain by a gnoll
             ... wielding a +0 spear
              (3 damage)
             ... on level 3 of the Dungeon.
             The game lasted 00:01:41 (1504 turns).

Leeroy the Slasher (Vine Stalker Warper)            Turns: 1504, Time: 00:01:41

Health: 0/18       AC:  7    Str: 13    XL:     3   Next: 93%
Magic:  0/7        EV: 11    Int: 13    God:
Gold:   117        SH:  0    Dex: 15    Spells: 4/6 levels left

rFire   . . .      SeeInvis .    f - +1 dagger (speed)
rCold   . . .      Faith    .    (no shield)
rNeg    + . .      Spirit   +    b - +0 leather armour
rPois   .          Reflect  .    (no helmet)
rElec   .          Harm     .    (no cloak)
rCorr   .          Rampage  .    (no gloves)
Will    .....                    (no boots)
Stlth   +                        (no amulet)
HPRegen 0.23/turn                n - +4 ring of protection
MPRegen 0.10/turn                i - ring of positive energy

@: no status effects
A: fangs 2, magic shield, antimagic bite, no potion heal 2
a: no special abilities


You were on level 3 of the Dungeon.
You visited 1 branch of the dungeon, and saw 3 of its levels.

You collected 117 gold pieces.

Inventory:

Hand Weapons
 a - a +0 falchion
 f - a +1 dagger of speed (weapon)
Missiles
 d - 7 boomerangs of dispersal (quivered)
 e - 2 poisoned darts
Armour
 b - a +0 leather armour (worn)
Jewellery
 i - a ring of positive energy (right hand)
 n - a +4 ring of protection (left hand)
Scrolls
 c - a scroll of blinking
 g - 2 scrolls of identify {unknown}
 k - a scroll of vulnerability {unknown}
 l - 2 scrolls of summoning {unknown}
 m - a scroll of silence {unknown}
 p - a scroll of fog {unknown}
Potions
 h - 2 potions of mutation {unknown}
 j - a potion of haste {unknown}
 o - a potion of attraction {unknown}


   Skills:
 - Level 1.7 Fighting
 + Level 3.7 Long Blades
 - Level 0.8 Throwing
 - Level 0.7 Armour
 - Level 1.5 Dodging
 - Level 2.1 Spellcasting
 - Level 3.0 Translocations


You had 4 spell levels left.
You knew the following spells:

 Your Spells              Type           Power      Damage    Failure   Level
a - Blink                 Tloc           18%        N/A       14%         2

Your spell library contained the following spells:

 Spells                   Type           Power      Damage    Failure   Level
 Lesser Beckoning         Tloc           18%        N/A       14%         2
 Teleport Other           Tloc           9%         N/A       28%         3
 Vhi's Electric Charge    Tloc/Air       10%        N/A       45%         3
 Manifold Assault         Tloc           9%         N/A       67%         4


Dungeon Overview and Level Annotations

Branches:
Dungeon (3/15)

Altars:

Shops:
D:1 (


Innate Abilities, Weirdness & Mutations

You have extremely sharp teeth.
When hurt, damage is shared between your health and your magic reserves.
Your bite disrupts and absorbs the magic of your enemies.
Potions cannot restore your health.


Message History

There is an open door here.
There is a stone staircase leading down here.
You climb downwards.
Found a sling.
Found a stone staircase leading down.
There is a stone staircase leading up here.
Found a whip.
You now have 117 gold pieces (gained 15).
An endoplasm comes into view.
You see here 13 gold pieces.
A gnoll comes into view. It is wielding a +0 spear.
The gnoll shouts!
A gnoll comes into view. It is wielding a +0 whip.
The gnoll shouts!
Found 4 stones.
The endoplasm quivers.
A bat comes into view.
The bat moves out of view.
A gnoll comes into view. It is wielding a +0 halberd.
The gnoll barely misses you.
The gnoll shouts!
You hit the gnoll. Your punch misses the gnoll.
The gnoll is moderately wounded.
You hit the gnoll. Your bite misses the gnoll.
The gnoll is severely wounded.
The gnoll hits you with a +0 spear.
You closely miss the gnoll.
The gnoll is severely wounded.
The bat barely misses you.
You hit the gnoll. Your bite misses the gnoll.
The gnoll is severely wounded.
The bat hits you but does no damage. The gnoll hits you with a +0 whip!
The gnoll barely misses you. The gnoll attacks as you move away!
The gnoll barely misses you. The gnoll attacks as you move away!
The gnoll hits you with a +0 spear. The bat closely misses you.
The bat hits you but does no damage. The gnoll hits you but does no damage.
The bat barely misses you. The gnoll hits you with a +0 whip!
* * * LOW HITPOINT WARNING * * *
The gnoll hits you from afar with a +0 spear.
You die...

#....................
######...#####.##.)###.#..
#..............##..# #.#..
...............##..# #.#..
.................... ..>..
......)..#####.##..###....
....#...$......# ........
.........#####.## ###....
....#...b@.......
.....^.Jg##.##.#.
....#..g.# # .......g.#
....#....# ..#.#..... . #
#...... ........
......(...


You could see 3 gnolls, an endoplasm and a bat.

Vanquished Creatures
  A gnoll (D:2)
  2 adders (D:2)
  2 endoplasms (D:1)
  4 hobgoblins
  A quokka (D:1)
  3 ball pythons
  5 bats
  3 frilled lizards (D:1)
  5 kobolds
  4 rats
30 creatures vanquished.

Notes
Turn   | Place    | Note
-------+----------+-------------------------------------------
     0 | D:1      | Leeroy the Vine Stalker Warper began the quest for the Orb.
     0 | D:1      | Reached XP level 1. HP: 11/11 MP: 4/4
   286 | D:1      | Reached XP level 2. HP: 15/15 MP: 4/6
   449 | D:1      | Learned a level 2 spell: Blink
   477 | D:1      | Found Japol's Weapon Shop.
   882 | D:2      | Reached XP level 3. HP: 17/18 MP: 5/7
  1504 | D:3      | Slain by a gnoll

Illustrated notes

Levels and vault maps discovered:
D:1:      sevenhm_arrival_forest_fort_small_3, layout_loops_corners,
          serial_shops, nicolae_shop_advertising_works
          [nicolae_subvault_shop_adworks], st_stairs_1
D:2:      kennysheep_six_static_rooms, layout_rooms
D:3:      layout_basic, bloody_trog

Skill      XL: |  1  2 |
---------------+-------+-----
Long Blades    | 2 3 |  3.7
Fighting       | |  1.7
Throwing       | |  0.8
Armour         | |  0.7
Dodging        | |  1.5
Spellcasting   | |  2.1
Translocations | |  3.0

Action                     || total
---------------------------++-------
  Melee: Dagger            ||    91
         Falchion          ||     3
         Bite              ||    23
         Punch             ||     1
   Stab: Sleeping          ||     2
 Armour: Leather armour    ||    24
  Dodge: Dodged            ||    44

Table legend: (Time is in decaauts)
 A = Elapsed time spent in this place.
 B = Non-inter-level travel time spent in this place.
 C = Inter-level travel time spent in this place.
 D = Time resting spent in this place.
 E = Time spent auto-exploring this place.
 F = Levels seen in this place.
 G = Mean time per level.
                   A        B        C        D        E       F      G
               +--------+--------+--------+--------+--------+-----+--------+
         Total |   1461 |   1398 |     63 |      0 |   1198 |   3 |  487.0 |
       Dungeon |   1461 |   1398 |     63 |      0 |   1198 |   3 |  487.0 |
               +--------+--------+--------+--------+--------+-----+--------+

Top non-repeatable levels by time:
     D:1: 849 daAuts
     D:2: 570 daAuts
     D:3: 42 daAuts
